 Dungeon Crawl Stone Soup version 0.30.1-11-g7821555f0a (webtiles) character file.

Game seed: 11364149648540903940

11721 Chiseanne the Fighter (level 11, -5/92 HPs)
             Began as a Demonspawn Wanderer on Nov 28, 2023.
             Was an Initiate of Gozag.
             Slain by a tentacled starspawn (8 damage)
             ... on level 3 of the Abyss.
             The game lasted 00:29:32 (11278 turns).

Chiseanne the Fighter (Demonspawn Wanderer)        Turns: 11278, Time: 00:29:33

Health: -5/92      AC: 20    Str: 16    XL:     11   Next: 53%
Magic:  12/12      EV: 15    Int: 13    God:    Gozag
Gold:   829        SH:  8    Dex: 18    Spells: 11/12 levels left

rFire   . . .        a - +4 rapier (venom)
rCold   . . .        J - +2 buckler {rPois}
rNeg    . . .        j - +1 ring mail
rPois   +            h - +0 helmet
rElec   .            (no cloak)
rCorr   .            c - +0 pair of gloves
SInv    .            b - +0 pair of boots
Will    .....        A - amulet of regeneration
Stlth   +++          E - +4 ring of protection
HPRegen 1.15/turn    o - +4 ring of protection
MPRegen 0.13/turn

%: no passive effects
@: gold aura
A: hooves 1, thin skeletal structure 2, demonic guardian 1, powered by death 1
a: Renounce Religion, Potion Petition, Call Merchant, Bribe Branch


You were on level 3 of the Abyss.
You worshipped Gozag.
Gozag was pleased with you.
You visited 2 branches of the dungeon, and saw 12 of its levels.
You visited the Abyss 2 times.
You also visited: Sewer.

You collected 1818 gold pieces.
You spent 906 gold pieces at shops.
You paid 83 gold pieces to Gozag.

Inventory:

Hand Weapons
 a - a +4 rapier of venom (weapon)
 f - a +4 scimitar
 y - a +1 broad axe
 D - a +1 flail of protection
Missiles
 g - 21 poisoned darts (quivered)
 m - 4 boomerangs
 r - 2 throwing nets
 z - 2 curare-tipped darts
 C - 11 javelins
Armour
 b - a +0 pair of boots (worn)
 c - a +0 pair of gloves (worn)
 h - a +0 helmet (worn)
 j - a +1 ring mail (worn)
 J - a +2 buckler of poison resistance (worn)
Jewellery
 o - a +4 ring of protection (right hand)
 s - a ring of flight
 x - a ring of see invisible
 A - an amulet of regeneration (around neck)
 E - a +4 ring of protection (left hand)
Wands
 l - a wand of digging (7)
 q - a wand of flame (3)
 w - a wand of paralysis (16)
Scrolls
 e - 9 scrolls of teleportation
 t - 4 scrolls of magic mapping
Potions
 i - 3 potions of resistance
 k - 4 potions of brilliance
 n - 5 potions of flight
 p - 7 potions of curing
 u - 3 potions of berserk rage
 v - 2 potions of mutation
 B - 2 potions of ambrosia
Miscellaneous
 F - a condenser vane (inert)


   Skills:
 * Level 10.7 Fighting
 - Level 3.6 Long Blades
 - Level 1.0 Throwing
 * Level 9.9 Armour
 - Level 8.4 Dodging
 - Level 1.0 Stealth
 * Level 4.8 Shields
 - Level 1.0 Spellcasting
 - Level 1.7 Earth Magic


You had 11 spell levels left.
You knew the following spells:

 Your Spells              Type           Power      Damage    Failure   Level
a - Sandblast             Erth           10%        2d5       28%         1

Your spell library contained the following spells:

 Spells                   Type           Power      Damage    Failure   Level
 Summon Small Mammal      Summ           0%         N/A       52%         1
 Lesser Beckoning         Tloc           0%         N/A       65%         2
 Poisonous Vapours        Pois/Air       0%         N/A       65%         2
 Static Discharge         Conj/Air       0%         2-2/arc   65%         2
 Stone Arrow              Conj/Erth      4%         3d7       77%         3
 Call Canine Familiar     Summ           0%         N/A       87%         3
 Gell's Gravitas          Tloc           0%         N/A       87%         3
 Summon Guardian Golem    Hex/Summ       0%         N/A       87%         3
 Swiftness                Air            0%         N/A       87%         3
 Teleport Other           Tloc           0%         N/A       87%         3
 Polar Vortex             Ice            0%         N/A       100%        9


Dungeon Overview and Level Annotations

Branches:
Dungeon (11/15)            Temple (1/1) D:5            Lair (0/5) D:11
    Orc (0/2) D:11          Sewer (visited)

Altars:
Ashenzari
Cheibriados
Dithmenos
Fedhas
Gozag
Hepliaklqana
Kikubaaqudgha
Nemelex Xobeh
Okawaru
Qazlal
Ru
Uskayaw
Vehumet
Wu Jian
Xom
Yredelemnul

Shops:
D:1 =   D:6 (   D:9 *


Innate Abilities, Weirdness & Mutations

You have large cloven feet.
You have a moderately thin skeletal structure. (Dex +4, Stealth++)
A weak demonic guardian rushes to your aid.
You regenerate a little health from kills.


Message History

A chorus of shrieks assaults your mind. The small abomination hits you!
A demonic guardian appears!
You closely miss the blink frog.
The blink frog is moderately wounded.
The blink frog closely misses you.
You see a puff of smoke.
The blink frog hits you but does no damage.
The small abomination hits you!
Your quasit closely misses the blink frog.
Your quasit completely misses the blink frog.
Your quasit closely misses the blink frog.
The blink frog misses you.
Okay, then.
You feel much better.
Your quasit bites the blink frog.
Your quasit claws the blink frog. x2; The blink frog blinks!
A tentacled starspawn comes into view.
You swap places.
A tentacled starspawn comes into view.
A chorus of shrieks assaults your mind.
You see a puff of smoke.
The blink frog hits your quasit!!
Your quasit dies!
Your quasit disappears in a puff of smoke!
Unknown command.
The blink frog croaks.
You puncture the tentacled starspawn!
The tentacled starspawn is lightly damaged.
A chorus of shrieks assaults your mind. The tentacled starspawn bites you!
* * * LOW HITPOINT WARNING * * *
The tentacled starspawn tentacle-slaps you.
* * * LOW HITPOINT WARNING * * *
You closely miss the blink frog.
The blink frog is almost dead.
The blink frog hits you but does no damage.
You see a puff of smoke.
The blink frog blinks!
The blink frog hits you but does no damage.
The tentacled starspawn bites you!!
* * * LOW HITPOINT WARNING * * *
The tentacled starspawn tentacle-slaps you!
You die...
Your body crumbles into a pile of gold.

X. ##. #
.... .# ##
## ...
#.##. .#..
##....#..#
#...##F#.#
#..@.⌠#
#.#⌠X###
#..##X.#
#.. p§...
$.#.
#.#≈#.#
###.# Xw
≈. . X│≈
.# ## .\.
# .. .


You could see 2 starcursed masses, an eldritch tentacle, 2 tentacled starspawn,
a mad acolyte of Lugonu and a blink frog (very poisoned).

Vanquished Creatures
  2 two-headed ogres (D:9)
  5 wizards
  A gargoyle (D:11)
  A hornet (D:9)
  3 trolls
  A blink frog (Abyss:3)
  Sigmund (D:3)
  3 wyverns
  5 yaks
  4 water moccasins
  8 orc warriors
  A black bear (D:7)
  2 ogres
  3 centaurs
  A phantom (D:6)
  4 kobold brigands (D:11)
  A bullfrog (D:7)
  5 gnoll sergeants
  6 scorpions
  4 wights (D:10)
  4 jellies
  9 killer bees
  2 howler monkeys
  2 orc priests
  4 hounds
  2 gnoll boudas
  5 iguanas
  A sleepcap (D:7)
  12 orc wizards
  A sickly merfolk siren (Sewer)
  A malarious merfolk avatar (Sewer)
  21 gnolls
  A river rat (Sewer)
  8 adders
  5 ufetubi
  7 worms
  A dart slug (D:1)
  29 orcs
  3 bats (D:3)
  11 endoplasms
  4 giant cockroaches
  3 goblins
  8 hobgoblins
  2 jackals (D:1)
  4 quokkas
  13 ball pythons
  15 frilled lizards
  5 kobolds
  23 rats
267 creatures vanquished.

Vanquished Creatures (collateral kills)
  2 yaks (D:11)
2 creatures vanquished.

Vanquished Creatures (others)
  A wizard (D:11)
  2 starspawn tentacles (Abyss:3)
3 creatures vanquished.

Grand Total: 272 creatures vanquished

Notes
Turn   | Place    | Note
-------+----------+-------------------------------------------
     0 | D:1      | Chiseanne the Demonspawn Wanderer began the quest for the
                  | Orb.
     0 | D:1      | Chiseanne set off with the following items: a +2 falchion,
                  | a +0 pair of boots, a potion of heal wounds, a +0 robe; and
                  | the following spell memorised: Sandblast; and the following
                  | spells available to memorise: Stone Arrow.
     0 | D:1      | Reached XP level 1. HP: 13/13 MP: 2/2
   168 | D:1      | Gained mutation: You regenerate a little health from kills.
                  | [demonic ancestry]
   168 | D:1      | Reached XP level 2. HP: 20/20 MP: 3/3
   289 | D:1      | Reached skill level 1 in Fighting
   295 | D:1      | Reached skill level 1 in Dodging
   532 | D:1      | Found Xoew Gak's Jewellery Emporium.
   871 | D:2      | Gained mutation: You have a somewhat thin skeletal
                  | structure. (Dex +2, Stealth+) [demonic ancestry]
   871 | D:2      | Reached XP level 3. HP: 25/26 MP: 4/4
  1530 | D:3      | Reached skill level 2 in Fighting
  1530 | D:3      | Reached XP level 4. HP: 31/33 MP: 5/5
  2006 | D:3      | Found an ornate altar of the Wu Jian Council.
  2123 | D:3      | Noticed Sigmund
  2124 | D:3      | Found a faded altar of an unknown god.
  2137 | D:3      | Killed Sigmund
  2138 | D:3      | Reached skill level 3 in Fighting
  2138 | D:3      | Gained mutation: You have large cloven feet. [demonic
                  | ancestry]
  2138 | D:3      | Reached XP level 5. HP: 40/41 MP: 6/6
  2138 | D:3      | Reached XP level 6. HP: 46/47 MP: 7/7
  2546 | D:4      | Found a glowing drain.
  2555 | Sewer    | Entered a sewer
  2966 | Sewer    | Reached skill level 4 in Fighting
  2981 | Sewer    | Reached XP level 7. HP: 54/54 MP: 8/8
  4177 | D:5      | Entered Level 5 of the Dungeon
  4496 | D:5      | Found a staircase to the Ecumenical Temple.
  4506 | Temple   | Entered the Ecumenical Temple
  4624 | Temple   | Became a worshipper of Gozag Ym Sagoz the Greedy
  5021 | D:5      | Reached skill level 5 in Fighting
  5212 | D:5      | Gained mutation: You have a moderately thin skeletal
                  | structure. (Dex +4, Stealth++) [demonic ancestry]
  5212 | D:5      | Reached XP level 8. HP: 49/62 MP: 9/9
  5401 | D:6      | Found Murinwe's Weapon Emporium.
  5439 | D:6      | Reached skill level 5 in Armour
  5497 | D:6      | Reached skill level 5 in Dodging
  5707 | D:6      | Got Abaliqudd's Folio of Galvanic Freezing
  5957 | D:6      | Reached skill level 6 in Fighting
  6154 | D:1      | Bought a +4 ring of protection for 360 gold pieces
  6371 | D:7      | Reached XP level 9. HP: 45/71 MP: 10/10
  6868 | D:7      | Reached skill level 7 in Fighting
  7778 | D:8      | Reached skill level 8 in Fighting
  8151 | D:9      | Paralysed by a hornet for 2 turns
  8224 | D:9      | Found a hide-covered altar of Uskayaw.
  8259 | D:9      | Found a blossoming altar of Fedhas.
  8285 | D:9      | Reached XP level 10. HP: 22/80 MP: 11/11
  8498 | D:9      | Noticed a two-headed ogre
  8517 | D:9      | Killed a two-headed ogre
  8900 | D:9      | Found Oreycko's General Store.
  8915 | D:9      | Bought a scroll of teleportation for 42 gold pieces
  8915 | D:9      | Bought a +4 ring of protection for 504 gold pieces
  9366 | D:10     | Entered Level 10 of the Dungeon
  9383 | D:10     | Noticed a two-headed ogre
  9427 | D:9      | Killed a two-headed ogre
  9428 | D:9      | Reached skill level 9 in Fighting
 10047 | D:10     | Reached skill level 1 in Shields
 10183 | D:11     | Found a staircase to the Lair.
 10424 | D:11     | Noticed a gargoyle
 10447 | D:11     | Killed a gargoyle
 10488 | D:11     | Noticed a wizard
 10495 | D:11     | Noticed a wizard
 10506 | Abyss:3  | Cast into level 3 of the Abyss (a wizard)
 10509 | Abyss:3  | Noticed a large abomination
 10527 | D:11     | Escaped the Abyss
 10531 | D:11     | Noticed a wizard
 10537 | D:11     | Killed a wizard
 10729 | D:11     | Found a staircase to the Orcish Mines.
 10756 | D:11     | Gained mutation: A weak demonic guardian rushes to your
                  | aid. [demonic ancestry]
 10756 | D:11     | Reached XP level 11. HP: 73/90 MP: 12/12
 10821 | D:11     | Noticed a wizard
 10825 | D:11     | Reached skill level 10 in Fighting
 10852 | D:11     | Killed a wizard
 11000 | D:11     | Killed a wizard
 11020 | D:11     | Killed a wizard
 11020 | D:11     | Noticed a wizard
 11036 | D:11     | Killed a wizard
 11079 | D:11     | Noticed a wizard
 11189 | D:11     | Noticed a wizard
 11200 | Abyss:3  | Cast into level 3 of the Abyss (a wizard)
 11202 | Abyss:3  | Found a corrupted altar of Lugonu.
 11220 | Abyss:3  | Found a hazy altar of Hepliaklqana.
 11224 | Abyss:3  | Noticed a mad acolyte of Lugonu
 11224 | Abyss:3  | Noticed a mad acolyte of Lugonu
 11255 | Abyss:3  | Noticed a tentacled starspawn
 11267 | Abyss:3  | Killed a mad acolyte of Lugonu
 11267 | Abyss:3  | Noticed a tentacled starspawn
 11270 | Abyss:3  | Noticed a starcursed mass
 11275 | Abyss:3  | Noticed a tentacled starspawn
 11276 | Abyss:3  | Noticed a tentacled starspawn
 11278 | Abyss:3  | HP: 3/92 [tentacled starspawn (19)]
 11278 | Abyss:3  | Slain by a tentacled starspawn

Illustrated notes

Levels and vault maps discovered:
D:1:      beargit_arrival_greenhouse, layout_basic, serial_shops,
          nicolae_shop_real_fake_doors
D:2:      layout_loops_cross
D:3:      layout_rooms, gammafunk_temple_overflow_statue,
          shapermc_ecumenical_altar_venn, uniq_sigmund
D:4:      layout_gridville, cheibrodos_sewer_entry_bend, chequers_big_river,
          minmay_lizard_king
D:5:      layout_basic, minmay_temple_entry_antechambers
D:6:      layout_rooms, serial_shops, shop, serial_aquarium,
          aquarium_bridge_long_joined [aquarium_subvault_bridge,
          aquarium_subvault_bridge, aquarium_subvault_window,
          aquarium_subvault_window, aquarium_subvault_balcony,
          aquarium_subvault_bridge], aquarium_window_1, aquarium_window_fake,
          aquarium_window_1, aquarium_view_2e, aquarium_balcony_double_1,
          aquarium_pool_1
D:7:      layout_layer_cave
D:8:      layout_loops_cross, nicolae_overflow_crystal_walls
D:9:      layout_irregular_city, mainiacjoe_overflow_alcove_4,
          overflow_temple_1_default, serial_shops, shop
D:10:     layout_gridville, grunt_ministairs_9
D:11:     minmay_smoke_and_mirrors, layout_basic, lair_entry_dummy,
          kennysheep_orc_monster_closet_entryway, grunt_ministairs_9
Temple:   bh_familiar_temple
Abyss:3:  base: D:5, nicolae_abyss_rune_star_stuff, base: D:10,
          evilmike_abyss_exit_4, hangedman_cross_veins,
          evilmike_abyss_rune_siren_acolytes, hangedman_cross_veins,
          evilmike_abyss_rune_siren_acolytes, evilmike_abyss_exit_chaos

Skill      XL: |  1  2  3  4  5  6  7  8  9 10 11 |
---------------+----------------------------------+-----
Fighting       | 1 2 3 4 5 6 8 9 10 | 10.7
Dodging        | 1 3 4 6 7 8 |  8.4
Armour         | 2 3 4 6 7 9 |  9.9
Shields        | 2 4 |  4.8
Long Blades    | |  3.6
Throwing       | |  1.0
Stealth        | |  1.0
Spellcasting   | |  1.0
Earth Magic    | |  1.7

Action                     |  1- 3 |  4- 6 |  7- 9 | 10-12 || total
---------------------------+-------+-------+-------+-------++-------
  Melee: Falchion          |    58 |       |       |       ||    58
         Rapier            |    30 |   186 |   385 |   333 ||   934
         Punch             |       |       |     6 |     1 ||     7
         Broad axe         |       |       |       |    16 ||    16
         Flail             |       |       |       |    10 ||    10
  Throw: Dart              |       |       |    29 |    25 ||    54
         Boomerang         |       |       |    13 |     9 ||    22
         Stone             |       |       |     3 |       ||     3
  Evoke: Wand              |       |       |       |     5 ||     5
         Condenser vane    |       |       |       |     1 ||     1
    Use: Scroll            |     7 |     2 |    10 |     7 ||    26
         Potion            |     2 |     1 |       |     3 ||     6
   Stab: Sleeping          |     2 |     5 |     6 |     3 ||    16
         Distracted        |       |       |     4 |     2 ||     6
 Armour: Robe              |     2 |       |       |       ||     2
         Ring mail         |    31 |    71 |   159 |   170 ||   431
  Dodge: Dodged            |    39 |   118 |   305 |   235 ||   697
  Block: Buckler           |       |       |       |    75 ||    75
